 Seeded DCSS version 0.30.1-4-g462c640d31 (webtiles) character file.

Game seed: 5076729093574436694 (custom seed)

70 Psyclone the Stinger (level 4, -1/27 HPs)
             Began as an Octopode Venom Mage on Sept 18, 2023.
             Succumbed to an adder's poison
             ... on level 3 of the Dungeon.
             The game lasted 00:04:35 (1988 turns).

Psyclone the Stinger (Octopode Venom Mage)          Turns: 1988, Time: 00:04:36

Health: -1/27      AC:  1    Str:  7    XL:     4   Next: 22%
Magic:  0/7        EV: 13    Int: 19    God:
Gold:   1338       SH:  0    Dex: 12    Spells: 1/7 levels left

rFire   . . .        a - +0 dagger
rCold   . . .        (no shield)
rNeg    . . .        (helmet restricted)
rPois   .            (no amulet)
rElec   .            (no ring)
rCorr   .            (no ring)
SInv    .            (no ring)
Will    .....        (no ring)
Stlth   +++          (no ring)
HPRegen 0.24/turn    (no ring)
MPRegen 0.10/turn    (no ring)
                     (no ring)

%: no passive effects
@: brilliant, lethally poisoned (-1 -> -7), hasted, very quick
A: almost no armour, amphibious, 8 rings, camouflage 1, gelatinous body 1,
(nimble swimmer 1), tentacles
a: no special abilities


You were on level 3 of the Dungeon.
You visited 1 branch of the dungeon, and saw 4 of its levels.

You collected 1338 gold pieces.

Inventory:

Hand Weapons
 a - a +0 dagger (weapon)
 b - a +0 whip
Jewellery
 r - an amulet of reflection
Scrolls
 c - 2 scrolls of amnesia {unknown}
 d - a scroll of fog {unknown}
 g - a scroll of teleportation {unknown}
 h - 6 scrolls of noise {unknown}
 j - a scroll of silence {unknown}
 k - a scroll of identify {unknown}
 l - a scroll of brand weapon {unknown}
 n - a scroll of immolation {unknown}
 p - a scroll of enchant weapon {unknown}
 s - a scroll of vulnerability {unknown}
Potions
 e - 4 potions of might {unknown}
 f - a potion of magic
 i - a potion of lignification {unknown}
 m - a potion of degeneration {unknown}


   Skills:
 - Level 2.0 Dodging
 - Level 2.6 Stealth
 - Level 2.0 Spellcasting
 - Level 1.0 Transmutations
 + Level 6.0 Poison Magic


You had one spell level left.
You knew the following spells:

 Your Spells              Type           Power      Damage    Failure   Level
a - Poisonous Vapours     Pois/Air       38%        N/A       8%          2
b - Sting                 Tmut/Pois      88%        1d7       4%          1
d - Mephitic Cloud        Conj/Pois/Air  14%        N/A       22%         3

Your spell library contained the following spells:

 Spells                   Type           Power      Damage    Failure   Level
 Olgreb's Toxic Radiance  Pois           37%        N/A       14%         4
 Summon Forest            Summ/Tloc      1%         N/A       99%         5
 Eringya's Noxious Bog    Tmut/Pois      11%        N/A       99%         6
 Summon Hydra             Summ           1%         N/A       100%        7


Dungeon Overview and Level Annotations

Branches:
Dungeon (4/15) Zot: 22013
 Temple: D:4-7

Altars:
The Shining One

Shops:
D:1 (   D:2 (

Annotations:
D:4 exclusions: gnoll and 1 more exclusion


Innate Abilities, Weirdness & Mutations

You cannot wear most types of armour.
You are amphibious.
You can wear up to eight rings at the same time.
Your skin changes colour to match your surroundings (Stealth+).
Your rubbery body absorbs attacks. (AC +1, EV +1)
((You are camouflaged when in or above water. (Stealth+)))
You have tentacles for arms and can constrict up to eight enemies at once.


Message History

Casting: Poisonous Vapours (safe; 8% risk of failure)
Confirm with . or Enter, or press ? or * to list all spells.
Aiming: Poisonous Vapours (safe; 8% risk of failure)
Press: ? - help, Dir - move target, f/p - worm
Aim: a worm Poisonous vapours surround the worm!
The worm is poisoned.
You feel sick. The adder closely misses you.
You now have 4/7 mp.
Casting: Poisonous Vapours (safe; 8% risk of failure)
Confirm with . or Enter, or press ? or * to list all spells.
Aiming: Poisonous Vapours (safe; 8% risk of failure)
Press: ? - help, Dir - move target, f - adder, p - worm
Aim: an adder Poisonous vapours surround the adder!
The adder is poisoned.
You feel sick. The adder bites you.
You take 4 damage, and have 11/27 hp.
You now have 2/7 mp.
Casting: Poisonous Vapours (safe; 8% risk of failure)
Confirm with . or Enter, or press ? or * to list all spells.
Aiming: Poisonous Vapours (safe; 8% risk of failure)
Press: ? - help, Dir - move target, f/p - adder
Aim: an adder (poisoned) Poisonous vapours surround the adder!
The adder looks even sicker.
You feel sick. The adder bites you but does no damage.
You take 1 damage, and have 10/27 hp.
You now have 0/7 mp.
You closely miss the adder. Your grab misses the adder.
You feel sick. The adder bites you.
* * * LOW HITPOINT WARNING * * *
The adder bites you.
* * * LOW HITPOINT WARNING * * *
You are lethally poisoned!
The adder poisons you!
You take 7 damage, and have 3/27 hp.
MASSIVE DAMAGE!!
It was a potion of brilliance.
You feel clever all of a sudden.
* * * LOW HITPOINT WARNING * * *
You feel sick. The adder bites you.
* * * LOW HITPOINT WARNING * * *
You take 2 damage, and have 1/27 hp.
It was a potion of haste.
You feel yourself speed up.
You die...

##############........)
#######...........###.
#.>.....#####...#.....
#.######.# #...####..
#.. ##. .# ##.###...#
...# #.. .# #.....###
.### #.##.# #..#### #
#.#..# #..# #@#.## #..#
#S#.# #######
####w#.#... #
#.####....#.#.#..#
#........†.......#
#.....####..#.###
#.....#### #.#..#
#..... ##.#.## #....
####....#


You could see a worm (poisoned) and an adder (very poisoned).

Vanquished Creatures
  3 adders
  A dart slug (D:1)
  2 orcs
  4 ball pythons
  5 endoplasms
  4 giant cockroaches
  A goblin (D:1)
  2 hobgoblins
  A jackal (D:2)
  4 kobolds
  A quokka (D:2)
  5 bats
  5 rats
38 creatures vanquished.

Notes
Turn   | Place    | Note
-------+----------+-------------------------------------------
     0 | D:1      | Psyclone the Octopode Venom Mage began the quest for the
                  | Orb.
     0 | D:1      | Reached XP level 1. HP: 11/11 MP: 3/3
    18 | D:1      | Reached skill level 4 in Poison Magic
    55 | D:2      | Reached XP level 2. HP: 8/17 MP: 1/5
   115 | D:2      | Identified a scroll of acquirement
   115 | D:2      | Acquired 1209 gold pieces
   171 | D:2      | Found a glowing golden altar of the Shining One.
   454 | D:1      | Found Fyasaemi's Antique Weapon Boutique.
   974 | D:2      | Found Fupison's Antique Weapon Emporium.
   987 | D:2      | Reached skill level 5 in Poison Magic
   987 | D:2      | Reached XP level 3. HP: 9/21 MP: 1/6
  1060 | D:2      | You fall into a shaft and drop 2 floors!
  1072 | D:4      | Learned a level 2 spell: Poisonous Vapours
  1149 | D:4      | Learned a level 3 spell: Mephitic Cloud
  1616 | D:2      | Reached XP level 4. HP: 13/27 MP: 7/7
  1964 | D:3      | Reached skill level 6 in Poison Magic
  1987 | D:3      | HP: 1/27 [adder (1)]
  1988 | D:3      | Succumbed to an adder's poison

Illustrated notes

Levels and vault maps discovered:
D:1:      roderic_dead_forest, layout_loops_ring, serial_shops,
          nicolae_shop_trees
D:2:      layout_basic, serial_shops, shop_statue, basic_altar, st_stairs_7,
          chequers_mini_garden
D:3:      layout_rooms, uniq_crazy_yiuf_cottage
D:4:      layout_basic, uniq_pikel, uniq_sigmund

Skill      XL: |  1  2  3  4 |
---------------+-------------+-----
Poison Magic   | 4 5 6 |  6.0
Dodging        | |  2.0
Stealth        | |  2.6
Spellcasting   | |  2.0
Transmutations | |  1.0

Action                     |  1- 3 |  4- 6 || total
---------------------------+-------+-------++-------
  Melee: Unarmed           |     6 |       ||     6
         Constrict         |    14 |     4 ||    18
         Tentacles         |    10 |     5 ||    15
         Whip              |     7 |       ||     7
         Dagger            |    36 |    26 ||    62
         Punch             |     1 |       ||     1
   Cast: Sting             |    14 |       ||    14
         Poisonous Vapours |     3 |     4 ||     7
    Use: Scroll            |     1 |       ||     1
         Potion            |       |     2 ||     2
   Stab: Sleeping          |     9 |     5 ||    14
 Armour: Skin              |     2 |     7 ||     9
  Dodge: Dodged            |    39 |    14 ||    53
